[ AOE2 MATCH · #474665222 ]
Team RMBritons vs Mongols
[ REPLAY ANALYSIS · EXTRACTED FROM THE RECORDED GAME ]
Feudal
12:06
Castle
—
Imperial
—
| APM avg | 10.0 |
| APM peak | 27 |
| eAPM avg | 6.3 |
| Villagers / military | 47 / 40 |
Focus
⚔️ 11.9% · 🌾 88.1%
Militia ×25 · Archer ×15
Feudal
9:54
Castle
—
Imperial
—
| APM avg | 46.8 |
| APM peak | 106 |
| eAPM avg | 19.6 |
| Villagers / military | 72 / 53 |
Focus
⚔️ 29.9% · 🌾 70.1%
Militia ×32 · Scout Cavalry ×11 · Skirmisher ×7 · Archer ×2 · Spearman ×1
Feudal
10:11
Castle
—
Imperial
—
| APM avg | 12.9 |
| APM peak | 32 |
| eAPM avg | 9.6 |
| Villagers / military | 36 / 13 |
Focus
⚔️ 35.5% · 🌾 64.5%
Militia ×8 · Archer ×5
Feudal
10:47
Castle
26:11
Imperial
—
| APM avg | 16.3 |
| APM peak | 40 |
| eAPM avg | 11.5 |
| Villagers / military | 61 / 24 |
Focus
⚔️ 41.4% · 🌾 58.6%
Battering Ram ×12 · Steppe Lancer ×9 · Militia ×3
Match map
Initial resources + every placement click. Lines = walls · curves = elevation contours. ◆ gold · ⬟ stone · ● berries · ✦ relic · ◌ wall gap
Your base· Open — unwalled flank
IDrael's base· Open — unwalled flank
ezecayaffa1998's base· Open — 4t gap
Hoshigaki kisame's base· Open — unwalled flank
Smoothed initial terrain · ◌ = detected wall gap · hover for details
Inputs per minute
— Asturiano15 - - IDrael
Build order — Asturiano15
99 actions detected in the replay
| 0:05 | Research | Loom |
| 0:06 | Create | Villager (Male) |
| 0:06 | Create | Villager (Male) |
| 0:43 | Build | House |
| 1:20 | Build | House |
| 2:09 | Create | Villager (Male) |
| 2:09 | Create | Villager (Male) |
| 2:10 | Create | Villager (Male) |
| 2:10 | Create | Villager (Male) |
| 2:34 | Create | Villager (Male) |
| 3:31 | Create | Villager (Male) |
| 3:32 | Create | Villager (Male) |
| 3:41 | Build | Mill |
| 5:20 | Create | Villager (Male) |
| 5:53 | Create | Villager (Male) |
| 5:53 | Create | Villager (Male) |
| 5:53 | Create | Villager (Male) |
| 6:22 | Build | House |
| 6:23 | Build | House |
| 6:25 | Build | House |
| 7:17 | Build | Lumber Camp |
| 7:37 | Build | Farm |
| 7:38 | Build | Farm |
| 7:39 | Build | Farm |
| 7:39 | Build | Farm |
| 7:39 | Build | Farm |
| 8:16 | Create | Villager (Male) |
| 8:17 | Create | Villager (Male) |
| 8:23 | Create | Villager (Male) |
| 8:24 | Create | Villager (Male) |
| 9:49 | Research | Feudal Age |
| 10:33 | Create | Villager (Male) |
| 10:33 | Create | Villager (Male) |
| 10:33 | Create | Villager (Male) |
| 10:48 | Build | Mining Camp |
| 11:59 | Create | Villager (Male) |
| 11:59 | Create | Villager (Male) |
| 12:06 | Age | Feudal Age |
| 12:21 | Build | Farm |
| 12:34 | Research | Wheelbarrow |
| 12:42 | Create | Villager (Male) |
| 13:03 | Research | Gold Mining |
| 13:06 | Create | Villager (Male) |
| 14:18 | Build | Farm |
| 14:20 | Build | Farm |
| 14:24 | Build | Farm |
| 14:25 | Build | Farm |
| 14:26 | Build | Farm |
| 14:28 | Build | Farm |
| 14:49 | Build | Barracks |
| 15:03 | Create | Villager (Male) |
| 15:04 | Create | Villager (Male) |
| 15:20 | Create | Villager (Male) |
| 15:20 | Create | Villager (Male) |
| 15:48 | Create | Villager (Male) |
| 16:03 | Build | Archery Range |
| 16:15 | Build | House |
| 17:32 | Build | Mining Camp |
| 17:37 | Create | Villager (Male) |
| 17:37 | Create | Villager (Male) |
| 17:53 | Build | House |
| 17:55 | Build | House |
| 17:56 | Build | House |
| 17:58 | Build | House |
| 17:59 | Build | House |
| 18:06 | Create | Villager (Male) |
| 18:06 | Create | Villager (Male) |
| 18:35 | Research | Man-at-Arms (upgrade) |
| 18:56 | Create | Villager (Male) |
| 18:57 | Create | Villager (Male) |
| 19:44 | Build | Market |
| 20:11 | Build | Farm |
| 20:27 | Build | Mill |
| 20:43 | Create | Militia ×5 |
| 20:43 | Create | Militia ×5 |
| 20:45 | Research | Man-at-Arms (upgrade) |
| 20:48 | Create | Archer ×5 |
| 20:49 | Create | Archer ×5 |
| 21:47 | Create | Villager (Male) ×5 |
| 22:15 | Build | Blacksmith |
| 23:23 | Create | Militia ×5 |
| 23:26 | Create | Militia ×5 |
| 23:40 | Build | Farm |
| 25:15 | Research | Scale Mail Armor |
| 25:16 | Research | Forging |
| 25:20 | Create | Militia ×5 |
| 25:23 | Create | Archer ×5 |
| 25:34 | Research | Padded Archer Armor |
| 26:05 | Research | Double-Bit Axe |
| 26:08 | Create | Villager (Male) |
| 26:08 | Create | Villager (Male) |
| 26:42 | Build | House |
| 26:43 | Build | House |
| 26:44 | Build | House |
| 26:46 | Build | House |
| 27:09 | Build | Stone Wall |
| 27:20 | Create | Villager (Male) ×5 |
| 28:05 | Build | Farm |
| 28:20 | Build | Farm |
Build order — IDrael
First 150 of 227 actions detected
| 0:02 | Create | Villager (Male) |
| 0:02 | Create | Villager (Male) |
| 0:02 | Create | Villager (Male) |
| 0:04 | Build | House |
| 0:06 | Build | House |
| 0:43 | Create | Villager (Male) |
| 0:44 | Create | Villager (Male) |
| 1:35 | Create | Villager (Male) |
| 1:36 | Create | Villager (Male) |
| 1:54 | Build | Lumber Camp |
| 2:11 | Create | Villager (Male) |
| 2:11 | Create | Villager (Male) |
| 2:25 | Create | Villager (Male) |
| 2:25 | Create | Villager (Male) |
| 2:58 | Create | Villager (Male) |
| 2:58 | Create | Villager (Male) |
| 3:14 | Create | Villager (Male) |
| 3:14 | Create | Villager (Male) |
| 3:42 | Build | Mill |
| 3:45 | Create | Villager (Male) |
| 3:45 | Create | Villager (Male) |
| 3:54 | Create | Villager (Male) |
| 3:54 | Create | Villager (Male) |
| 4:12 | Build | House |
| 4:27 | Create | Villager (Male) |
| 4:28 | Create | Villager (Male) |
| 4:58 | Create | Villager (Male) |
| 4:58 | Create | Villager (Male) |
| 5:33 | Create | Villager (Male) |
| 5:33 | Create | Villager (Male) |
| 5:45 | Create | Villager (Male) |
| 5:45 | Create | Villager (Male) |
| 6:02 | Create | Villager (Male) |
| 6:03 | Create | Villager (Male) |
| 6:16 | Create | Villager (Male) |
| 6:16 | Create | Villager (Male) |
| 6:18 | Build | House |
| 7:34 | Create | Villager (Male) |
| 7:35 | Create | Villager (Male) |
| 7:44 | Research | Feudal Age |
| 9:17 | Build | Barracks |
| 9:39 | Create | Villager (Male) |
| 9:45 | Build | Mining Camp |
| 9:54 | Age | Feudal Age |
| 9:58 | Research | Wheelbarrow |
| 9:59 | Research | Horse Collar |
| 10:04 | Research | Double-Bit Axe |
| 10:05 | Research | Double-Bit Axe |
| 10:12 | Build | Farm |
| 10:44 | Create | Villager (Male) |
| 10:44 | Create | Villager (Male) |
| 11:04 | Build | Barracks |
| 11:09 | Build | Farm |
| 11:09 | Build | Farm |
| 11:09 | Build | Farm |
| 11:09 | Build | Farm |
| 11:10 | Build | Farm |
| 11:10 | Build | Farm |
| 11:10 | Build | Farm |
| 11:10 | Build | Farm |
| 11:25 | Research | Horse Collar |
| 11:53 | Build | Farm |
| 11:53 | Build | Farm |
| 11:53 | Build | Farm |
| 11:53 | Build | Farm |
| 11:54 | Build | Farm |
| 11:54 | Build | Farm |
| 11:54 | Build | Farm |
| 11:54 | Build | Farm |
| 11:54 | Build | Farm |
| 11:55 | Build | Farm |
| 12:01 | Create | Villager (Male) |
| 12:01 | Create | Villager (Male) |
| 12:36 | Create | Villager (Male) |
| 12:36 | Create | Villager (Male) |
| 12:41 | Build | House |
| 12:55 | Build | Lumber Camp |
| 13:10 | Build | House |
| 13:39 | Create | Spearman |
| 13:40 | Create | Militia |
| 13:41 | Create | Villager (Male) |
| 13:42 | Create | Villager (Male) |
| 13:58 | Build | Farm |
| 14:08 | Build | House |
| 14:10 | Build | Palisade Wall |
| 14:13 | Build | House |
| 14:28 | Create | Villager (Male) |
| 14:28 | Create | Villager (Male) |
| 14:34 | Build | Farm |
| 14:41 | Research | Man-at-Arms (upgrade) |
| 14:59 | Create | Militia |
| 15:11 | Create | Villager (Male) |
| 15:12 | Create | Villager (Male) |
| 15:17 | Build | Stable |
| 15:18 | Build | House |
| 15:30 | Build | Blacksmith |
| 15:39 | Build | House |
| 15:40 | Build | House |
| 15:43 | Build | Farm |
| 15:51 | Create | Villager (Male) |
| 15:51 | Create | Villager (Male) |
| 15:52 | Create | Villager (Male) |
| 15:52 | Create | Villager (Male) |
| 16:03 | Create | Militia |
| 16:03 | Create | Militia |
| 16:11 | Create | Militia |
| 16:12 | Create | Militia |
| 16:24 | Build | Farm |
| 16:28 | Build | Farm |
| 16:33 | Build | Farm |
| 16:33 | Build | Farm |
| 16:44 | Create | Militia |
| 16:45 | Create | Militia |
| 17:23 | Create | Villager (Male) |
| 17:24 | Create | Villager (Male) |
| 17:25 | Create | Militia |
| 17:26 | Create | Militia |
| 17:26 | Create | Militia |
| 17:37 | Create | Militia |
| 17:37 | Create | Militia |
| 17:45 | Build | Farm |
| 17:47 | Build | Farm |
| 17:49 | Build | Farm |
| 17:56 | Create | Villager (Male) |
| 18:06 | Build | Farm |
| 18:07 | Build | Farm |
| 18:07 | Build | Farm |
| 18:07 | Build | Farm |
| 18:08 | Build | Farm |
| 18:14 | Create | Villager (Male) |
| 18:14 | Create | Villager (Male) |
| 18:14 | Create | Villager (Male) |
| 18:36 | Build | Farm |
| 18:48 | Build | Farm |
| 18:50 | Create | Militia |
| 18:55 | Research | Forging |
| 19:15 | Create | Villager (Male) |
| 19:15 | Create | Villager (Male) |
| 19:22 | Create | Militia |
| 19:22 | Create | Militia |
| 19:22 | Create | Militia |
| 19:33 | Build | House |
| 19:39 | Build | House |
| 19:40 | Build | House |
| 19:43 | Create | Militia |
| 19:46 | Research | Scale Mail Armor |
| 19:55 | Create | Militia |
| 19:55 | Create | Militia |
| 20:12 | Research | Bloodlines |
| 20:16 | Create | Villager (Male) |
Build order — ezecayaffa1998
111 actions detected in the replay
| 0:05 | Build | House |
| 0:10 | Build | House |
| 0:14 | Create | Villager (Male) |
| 0:14 | Create | Villager (Male) |
| 0:15 | Create | Villager (Male) |
| 0:15 | Create | Villager (Male) |
| 1:47 | Create | Villager (Male) |
| 2:05 | Build | Lumber Camp |
| 2:33 | Create | Villager (Male) |
| 2:37 | Create | Villager (Male) |
| 3:30 | Create | Villager (Male) |
| 3:48 | Build | House |
| 4:04 | Create | Villager (Male) |
| 4:08 | Research | Loom |
| 4:47 | Create | Villager (Male) |
| 4:47 | Create | Villager (Male) |
| 4:49 | Create | Villager (Male) |
| 5:24 | Build | Mill |
| 6:13 | Create | Villager (Male) |
| 6:53 | Build | Mining Camp |
| 7:05 | Create | Villager (Male) |
| 7:29 | Build | House |
| 8:01 | Research | Feudal Age |
| 8:15 | Build | Palisade Wall |
| 8:54 | Build | Lumber Camp |
| 8:59 | Build | House |
| 9:06 | Create | Villager (Male) |
| 9:06 | Create | Villager (Male) |
| 9:11 | Create | Villager (Male) |
| 9:39 | Build | Farm |
| 9:49 | Build | Palisade Wall |
| 10:11 | Age | Feudal Age |
| 10:13 | Research | Double-Bit Axe |
| 10:15 | Research | Horse Collar |
| 10:29 | Build | Barracks |
| 10:34 | Build | Farm |
| 10:45 | Build | Farm |
| 11:09 | Build | Farm |
| 11:15 | Build | House |
| 11:30 | Create | Villager (Male) |
| 11:31 | Create | Villager (Male) |
| 11:41 | Build | Palisade Wall |
| 11:55 | Build | Farm |
| 12:00 | Build | Farm |
| 12:14 | Build | Farm |
| 12:33 | Create | Villager (Male) |
| 12:34 | Create | Villager (Male) |
| 12:47 | Build | Market |
| 13:15 | Create | Villager (Male) |
| 13:28 | Create | Villager (Male) |
| 13:41 | Build | Archery Range |
| 13:54 | Build | Farm |
| 13:57 | Create | Villager (Male) |
| 14:04 | Build | House |
| 14:18 | Build | Farm |
| 14:41 | Build | Blacksmith |
| 14:47 | Build | Farm |
| 14:55 | Research | Man-at-Arms (upgrade) |
| 15:01 | Create | Villager (Male) |
| 15:16 | Build | Palisade Wall |
| 15:19 | Build | Mining Camp |
| 15:30 | Create | Archer |
| 15:30 | Create | Archer |
| 15:31 | Create | Archer |
| 15:33 | Build | House |
| 15:42 | Create | Villager (Male) |
| 15:42 | Create | Villager (Male) |
| 16:08 | Build | Stable |
| 16:14 | Build | House |
| 16:22 | Create | Militia |
| 16:22 | Create | Militia |
| 16:26 | Create | Villager (Male) |
| 17:56 | Build | Lumber Camp |
| 18:15 | Create | Militia |
| 18:16 | Create | Militia |
| 18:43 | Build | House |
| 18:47 | Create | Archer |
| 19:00 | Create | Villager (Male) |
| 19:00 | Create | Villager (Male) |
| 19:04 | Build | House |
| 19:18 | Build | Watch Tower |
| 19:38 | Build | Farm |
| 19:43 | Create | Villager (Male) |
| 19:46 | Create | Militia |
| 19:50 | Research | Forging |
| 19:50 | Research | Fletching |
| 19:53 | Create | Archer |
| 20:09 | Build | Farm |
| 22:12 | Build | Lumber Camp |
| 23:21 | Build | Town Center |
| 23:32 | Create | Militia |
| 23:32 | Create | Militia |
| 23:33 | Create | Militia |
| 24:33 | Build | Farm |
| 24:33 | Build | Farm |
| 24:34 | Build | Farm |
| 24:34 | Build | Farm |
| 24:34 | Build | Farm |
| 24:34 | Build | Farm |
| 24:35 | Build | Farm |
| 24:35 | Build | Farm |
| 24:36 | Build | Farm |
| 24:36 | Build | Farm |
| 25:15 | Build | Farm |
| 25:18 | Build | Farm |
| 25:38 | Create | Villager (Male) |
| 25:38 | Create | Villager (Male) |
| 25:39 | Create | Villager (Male) |
| 25:39 | Create | Villager (Male) |
| 25:39 | Create | Villager (Male) |
| 25:49 | Build | Mining Camp |
Build order — Hoshigaki kisame
146 actions detected in the replay
| 0:04 | Build | House |
| 0:06 | Create | Villager (Male) ×4 |
| 0:06 | Create | Villager (Male) ×4 |
| 0:11 | Build | House |
| 1:30 | Create | Villager (Male) |
| 1:52 | Create | Villager (Male) |
| 1:53 | Research | Loom |
| 2:38 | Build | Mill |
| 2:43 | Create | Villager (Male) |
| 2:58 | Create | Villager (Male) |
| 2:58 | Create | Villager (Male) |
| 2:58 | Create | Villager (Male) |
| 3:27 | Create | Villager (Male) |
| 3:36 | Build | House |
| 3:40 | Build | House |
| 3:46 | Create | Villager (Male) |
| 4:10 | Create | Villager (Male) |
| 4:10 | Create | Villager (Male) |
| 4:31 | Create | Villager (Male) |
| 4:32 | Create | Villager (Male) |
| 4:32 | Create | Villager (Male) |
| 5:22 | Create | Villager (Male) |
| 5:43 | Create | Villager (Male) |
| 6:20 | Create | Villager (Male) |
| 6:48 | Create | Villager (Male) |
| 7:23 | Create | Villager (Male) |
| 8:06 | Build | Lumber Camp |
| 8:37 | Research | Feudal Age |
| 8:37 | Research | Feudal Age |
| 8:49 | Create | Villager (Male) |
| 9:20 | Build | House |
| 10:46 | Build | House |
| 10:47 | Age | Feudal Age |
| 10:55 | Build | Blacksmith |
| 11:04 | Research | Town Watch |
| 11:05 | Research | Wheelbarrow |
| 11:14 | Research | Double-Bit Axe |
| 11:20 | Build | Farm |
| 11:23 | Research | Horse Collar |
| 11:37 | Build | Farm |
| 11:55 | Create | Villager (Male) |
| 12:36 | Build | Siege Workshop |
| 12:50 | Create | Villager (Male) |
| 12:58 | Build | Mining Camp |
| 13:25 | Build | Watch Tower |
| 13:45 | Create | Villager (Male) |
| 13:45 | Create | Villager (Male) |
| 13:45 | Create | Villager (Male) |
| 13:45 | Create | Villager (Male) |
| 14:13 | Create | Battering Ram |
| 14:14 | Create | Battering Ram |
| 14:27 | Build | Barracks |
| 15:03 | Create | Battering Ram |
| 15:25 | Create | Villager (Male) |
| 15:28 | Build | Farm |
| 15:40 | Build | Mining Camp |
| 15:55 | Build | Farm |
| 15:57 | Create | Villager (Male) |
| 15:57 | Create | Villager (Male) |
| 15:59 | Create | Villager (Male) |
| 16:00 | Create | Villager (Male) |
| 16:08 | Build | House |
| 16:09 | Build | House |
| 16:52 | Create | Battering Ram |
| 16:58 | Build | Farm |
| 17:07 | Build | Farm |
| 17:10 | Create | Villager (Male) |
| 17:10 | Create | Villager (Male) |
| 17:10 | Create | Villager (Male) |
| 17:11 | Create | Villager (Male) |
| 17:11 | Create | Villager (Male) |
| 17:25 | Build | Farm |
| 18:02 | Create | Villager (Male) ×2 |
| 18:03 | Create | Villager (Male) ×2 |
| 18:08 | Build | Farm |
| 18:14 | Create | Battering Ram |
| 18:34 | Build | Farm |
| 18:41 | Research | Gold Mining |
| 18:58 | Build | Farm |
| 19:16 | Create | Battering Ram |
| 19:22 | Build | Farm |
| 19:25 | Create | Villager (Male) |
| 19:31 | Create | Villager (Male) |
| 19:33 | Create | Villager (Male) |
| 19:49 | Build | House |
| 20:02 | Create | Battering Ram |
| 20:08 | Build | Farm |
| 20:18 | Build | Farm |
| 20:23 | Create | Villager (Male) |
| 20:23 | Create | Villager (Male) |
| 20:23 | Create | Villager (Male) |
| 20:23 | Create | Villager (Male) |
| 20:24 | Create | Villager (Male) |
| 20:27 | Build | Farm |
| 20:37 | Create | Battering Ram |
| 21:34 | Build | Farm |
| 21:39 | Build | Farm |
| 21:43 | Build | Farm |
| 21:46 | Create | Villager (Male) |
| 21:47 | Create | Villager (Male) |
| 21:47 | Create | Villager (Male) |
| 21:47 | Create | Villager (Male) |
| 21:52 | Build | Farm |
| 22:11 | Create | Battering Ram |
| 22:19 | Build | House |
| 22:26 | Build | Stable |
| 22:37 | Build | Farm |
| 22:43 | Build | Farm |
| 22:51 | Create | Villager (Male) |
| 23:04 | Create | Battering Ram |
| 23:10 | Build | Farm |
| 23:21 | Build | Farm |
| 23:31 | Research | Castle Age |
| 23:31 | Research | Castle Age |
| 23:36 | Build | Farm |
| 23:54 | Research | Bloodlines |
| 24:21 | Research | Man-at-Arms (upgrade) |
| 24:26 | Research | Man-at-Arms (upgrade) |
| 24:38 | Build | Barracks |
| 25:02 | Create | Militia |
| 25:10 | Create | Battering Ram |
| 25:24 | Create | Militia |
| 25:40 | Create | Battering Ram |
| 25:45 | Create | Militia |
| 26:00 | Build | Mining Camp |
| 26:03 | Research | Stone Mining |
| 26:11 | Age | Castle Age |
| 26:42 | Research | Capped Ram (upgrade) |
| 26:46 | Research | Squires |
| 26:55 | Research | Forging |
| 27:01 | Research | Long Swordsman (upgrade) |
| 27:07 | Research | Hand Cart |
| 27:11 | Create | Villager (Male) |
| 28:19 | Create | Steppe Lancer |
| 28:19 | Create | Steppe Lancer |
| 28:20 | Create | Steppe Lancer |
| 28:20 | Create | Steppe Lancer |
| 28:20 | Create | Steppe Lancer |
| 28:20 | Create | Steppe Lancer |
| 28:21 | Create | Steppe Lancer |
| 28:21 | Create | Steppe Lancer |
| 28:21 | Create | Steppe Lancer |
| 28:27 | Build | House |
| 28:28 | Build | House |
| 28:30 | Build | House |
| 28:31 | Build | House |
Match timeline
| 8:15 | ezecayaffa1998 · wall_segment Palisade Wall x13 |
| 9:17 | IDrael · first_building Barracks |
| 9:49 | ezecayaffa1998 · wall_segment Palisade Wall x11 |
| 9:54 | IDrael · age_up feudal |
| 10:11 | ezecayaffa1998 · age_up feudal |
| 10:29 | ezecayaffa1998 · first_building Barracks |
| 10:47 | Hoshigaki kisame · age_up feudal |
| 11:41 | ezecayaffa1998 · wall_segment Palisade Wall x13 |
| 12:06 | Asturiano15 · age_up feudal |
| 12:36 | Hoshigaki kisame · first_building Siege Workshop |
| 13:41 | ezecayaffa1998 · first_building Archery Range |
| 14:10 | IDrael · wall_segment Palisade Wall x1 |
| 14:27 | Hoshigaki kisame · first_building Barracks |
| 14:49 | Asturiano15 · first_building Barracks |
| 15:16 | ezecayaffa1998 · wall_segment Palisade Wall x1 |
| 15:17 | IDrael · first_building Stable |
| 16:03 | Asturiano15 · first_building Archery Range |
| 16:08 | ezecayaffa1998 · first_building Stable |
| 22:19 | IDrael · first_building Archery Range |
| 22:26 | Hoshigaki kisame · first_building Stable |
| 22:57 | ezecayaffa1998 · first_market_buy 100 stone |
| 26:11 | Hoshigaki kisame · age_up castle |
| 26:23 | ezecayaffa1998 · resign |
| 27:09 | Asturiano15 · wall_segment Stone Wall x24 |
[ AI ANALYSIS · 1 CREDIT ]
What really happened in this match?
Wolo.gg analyzes every decision: build order, eco, micro, common mistakes by bracket. Personalized analysis on WhatsApp or Discord in 30 seconds.
Civ guide
Britons
Map guide
Arabia
Perfil
Jugador #5777787